 Dungeon Crawl Stone Soup version 0.30-a0-726-gd89dcf765f (webtiles) character file.

Game seed: 7417907425113982576

225 scionoferis the Shooter (level 5, -3/39 HPs)
             Began as a Demigod Hexslinger on Jan 29, 2023.
             Slain by a sky beast (6 damage)
             ... on level 3 of the Dungeon.
             The game lasted 00:09:41 (2237 turns).

scionoferis the Shooter (Demigod Hexslinger)        Turns: 2237, Time: 00:09:42

Health: -3/39      AC:  2    Str: 10 (11) XL:     5   Next: 40%
Magic:  9/9        EV: 18    Int: 12 (15) God:
Gold:   246        SH:  0    Dex: 15 (18) Spells: 5/6 levels left

rFire   . . .      SeeInvis .    a - +1 sling
rCold   . . .      Faith    .    (no shield)
rNeg    . . .      Spirit   .    c - +0 robe
rPois   .          Reflect  .    (no helmet)
rElec   .          Harm     .    (no cloak)
rCorr   .          Rampage  .    (no gloves)
Will    .....                    (no boots)
Stlth   ++                       (no amulet)
HPRegen 0.26/turn                h - +5 ring of evasion
MPRegen 0.11/turn                (no ring)

@: no status effects
A: high MP 1, forlorn, divine attributes
a: no special abilities


You were on level 3 of the Dungeon.
You visited 1 branch of the dungeon, and saw 4 of its levels.
You also visited: Ossuary.

You collected 246 gold pieces.


Innate Abilities, Weirdness & Mutations

You have an increased reservoir of magic. (+10% MP)
You shall have no god before yourself.
Your divine heritage dramatically boosts your attributes as you level up.


   Skills:
 - Level 0.8 Fighting
 * Level 4.1 Ranged Weapons
 + Level 3.1 Dodging
 + Level 2.5 Stealth
 - Level 1.0 Spellcasting
 - Level 2.6 Hexes


You had 5 spell levels left.
You knew the following spells:

 Your Spells              Type           Power      Damage    Failure   Level
a - Slow                  Hex            28%        N/A       10%         1

Your spell library contained the following spells:

 Spells                   Type           Power      Damage    Failure   Level
 Inner Flame              Hex/Fire       3%         N/A       45%         3
 Portal Projectile        Hex/Tloc       6%         N/A       45%         3
 Hailstorm                Conj/Ice       0%         3d3       65%         3
 Cause Fear               Hex            3%         N/A       69%         4
 Ice Form                 Ice/Tmut       0%         N/A       96%         4
 Simulacrum               Ice/Necr       0%         N/A       100%        6

Inventory:

Hand Weapons
 a - a +1 sling (weapon)
Armour
 c - a +0 robe (worn)
Magical Staves
 f - a staff of fire
   (You took it off a kobold on level 1 of the Dungeon)
Jewellery
 h - a +5 ring of evasion (left hand)
   (You found it on level 1 of the Dungeon)
Scrolls
 d - a scroll of magic mapping
 i - a scroll of vulnerability
 j - 2 scrolls of immolation
 l - a scroll of enchant armour
 n - a scroll of fog
 o - 2 scrolls of noise
Potions
 e - a potion of degeneration
 g - 2 potions of curing

Dungeon Overview and Level Annotations

Branches:
Dungeon (4/15)            Ossuary (visited)
 Temple: D:4-7

#.##.....##.#.##
#.##............
#.#.........#..#
#.#........###.#
#......#....#..#
###.####..#.....
#.####.......# #########
#.......#.#### .......@#
#########.## #######{# #...#
#.# #...# ##### #.# #...#
#####...###.##### #...#
#.......##÷.....######...###
#..........(..#.#...........
#..........#................
#..>.~>....#..#.#....÷......


There were no monsters in sight!


Message History

You see here 4 stones.
Things that are here:
a +0 club; a goblin skeleton You now have 71 gold pieces (gained 8).
You see here a +0 scale mail.
You open the door.
Found an escape hatch in the floor.
There is an open door here.
You open the door.
There is an open door here.
There is an open door here.
There is an escape hatch in the floor here.
You open the door.
A rat comes into view.
Found 16 gold pieces.
Found a stone staircase leading down.
There is an open door here.
You shoot a sling bullet. The sling bullet hits the rat.
You kill the rat!
No target in view!
You now have 87 gold pieces (gained 16).
There is an open door here.
There is an escape hatch in the floor here.
You open the door.
There is an open door here.
There is an open door here.
There is an open door here.
Done exploring.
Done exploring.
Search for what [? for help]? d: Unknown command.
You see here a frilled lizard skeleton.
You see here a +0 short sword.
There is a stone staircase leading down here.
You climb downwards.
There is a stone staircase leading up here.
A gnoll comes into view. It is wielding a +0 flail.
You shoot a sling bullet. The sling bullet hits the gnoll.
The gnoll shouts!
The gnoll is moderately wounded.
A gnoll comes into view. It is wielding a +0 club.
You shoot a sling bullet.
The sling bullet closely misses the gnoll.
A gnoll comes into view. It is wielding a +0 flail.
You shoot a sling bullet. The gnoll shouts!
The sling bullet hits the gnoll but does no damage.
The gnoll is moderately wounded.
You shoot a sling bullet.
The sling bullet barely misses the gnoll.
The sling bullet hits the gnoll but does no damage.
Really read the scroll of poison?
The air fills with toxic fumes!
As you read the scroll of poison, it crumbles to dust.
You shoot a sling bullet. The sling bullet hits the gnoll.
The gnoll is lightly wounded.
You shoot a sling bullet.
The sling bullet barely misses the gnoll.
The sling bullet hits the gnoll.
The gnoll is moderately wounded.
You shoot a sling bullet.
The sling bullet barely misses the gnoll.
The sling bullet hits the gnoll but does no damage.
The gnoll is moderately wounded.
You shoot a sling bullet.
The sling bullet closely misses the gnoll.
The sling bullet barely misses the gnoll.
The sling bullet hits the gnoll.
The gnoll is moderately wounded.
You shoot a sling bullet.
The sling bullet hits the gnoll but does no damage.
You shoot a sling bullet.
The sling bullet closely misses the gnoll.
The sling bullet hits the gnoll.
The gnoll is heavily wounded.
You shoot a sling bullet.
The sling bullet barely misses the gnoll.
The sling bullet closely misses the gnoll.
The sling bullet barely misses the gnoll.
You shoot a sling bullet. The sling bullet hits the gnoll.
The gnoll is lightly wounded.
A gnoll comes into view. It is wielding a +0 spear.
You shoot a sling bullet. The sling bullet hits the gnoll.
The gnoll is moderately wounded.
You shoot a sling bullet.
The sling bullet barely misses the gnoll.
The sling bullet hits the gnoll.
The gnoll is almost dead.
You shoot a sling bullet. The sling bullet hits the gnoll.
The gnoll is moderately wounded.
You shoot a sling bullet.
The sling bullet completely misses the gnoll.
The sling bullet hits the gnoll.
You kill the gnoll!
You have reached level 3!
Your experience leads to a dramatic increase in your attributes!
Increase (S)trength, (I)ntelligence, or (D)exterity?
You feel agile. x4
Aiming: Slow (safe; 9% risk of failure)
Press: ? - help, Q - select action, (/) - cycle Shift-Dir - straight line, f/p - gnoll
Aim: a gnoll, wielding a +0 flail (moderately wounded, chance to affect: 50%)
The gnoll resists with some effort.
Aiming: Slow (safe; 9% risk of failure)
Press: ? - help, Q - select action, (/) - cycle Shift-Dir - straight line, f/p - gnoll
Aim: a gnoll, wielding a +0 flail (moderately wounded, chance to affect: 50%)
The gnoll resists with some effort.
Aiming: Slow (safe; 9% risk of failure)
Press: ? - help, Q - select action, (/) - cycle Shift-Dir - straight line, f/p - gnoll
Aim: a gnoll, wielding a +0 flail (moderately wounded, chance to affect: 50%)
The gnoll resists with some effort.
Aiming: Slow (safe; 9% risk of failure)
Press: ? - help, Q - select action, (/) - cycle Shift-Dir - straight line, f/p - gnoll
Aim: a gnoll, wielding a +0 flail (moderately wounded, chance to affect: 50%)
The gnoll seems to slow down.
Fire: a) +1 sling
Press: ? - help, Q - select action, (/) - cycle Shift-Dir - straight line, f/p - gnoll
Aim: a gnoll, wielding a +0 flail (moderately wounded, slow, 64% to hit)
You shoot a sling bullet.
The sling bullet barely misses the gnoll.
The sling bullet hits the gnoll.
The gnoll is severely wounded.
Fire: a) +1 sling
Press: ? - help, Q - select action, (/) - cycle Shift-Dir - straight line, f/p - gnoll
Aim: a gnoll, wielding a +0 flail (moderately wounded, slow, 64% to hit)
You shoot a sling bullet. The sling bullet hits the gnoll!
The gnoll is almost dead.
Fire: a) +1 sling
Press: ? - help, Q - select action, (/) - cycle Shift-Dir - straight line, f/p - gnoll
Aim: a gnoll, wielding a +0 flail (almost dead, slow, 64% to hit)
You shoot a sling bullet. The sling bullet hits the gnoll.
You kill the gnoll!
Fire: a) +1 sling
Press: ? - help, Q - select action, (/) - cycle Shift-Dir - straight line, f - gnoll
Aim: a gnoll, wielding a +0 club (severely wounded, 64% to hit)
You shoot a sling bullet.
The sling bullet barely misses the gnoll.
The sling bullet hits the gnoll but does no damage.
The gnoll barely misses you. x2
Fire: a) +1 sling
Press: ? - help, Q - select action, (/) - cycle Shift-Dir - straight line, f/p - gnoll
Aim: a gnoll, wielding a +0 club (severely wounded, 64% to hit)
You shoot a sling bullet. The sling bullet hits the gnoll.
You kill the gnoll!
The gnoll hits you from afar with a +0 spear.
Your Ranged Weapons skill increases to level 3!
Fire: a) +1 sling
Press: ? - help, Q - select action, (/) - cycle Shift-Dir - straight line, f - gnoll
Aim: a gnoll, wielding a +0 spear (64% to hit)
You shoot a sling bullet. The sling bullet hits the gnoll.
The gnoll is heavily wounded.
The gnoll closely misses you.
The gnoll hits you from afar with a +0 spear.
Fire: a) +1 sling
Press: ? - help, Q - select action, (/) - cycle Shift-Dir - straight line, f/p - gnoll
Aim: a gnoll, wielding a +0 spear (heavily wounded, 64% to hit)
You shoot a sling bullet.
The sling bullet closely misses the gnoll.
The gnoll hits you from afar with a +0 spear!
You are too injured to fight recklessly!
You are too injured to fight recklessly!
Fire: a) +1 sling
Press: ? - help, Q - select action, (/) - cycle Shift-Dir - straight line, f/p - gnoll
Aim: a gnoll, wielding a +0 spear (heavily wounded, 64% to hit)
You shoot a sling bullet. The sling bullet hits the gnoll.
The gnoll is almost dead.
The gnoll barely misses you.
Fire: a) +1 sling
Press: ? - help, Q - select action, (/) - cycle Shift-Dir - straight line, f/p - gnoll
Aim: a gnoll, wielding a +0 spear (almost dead, 64% to hit)
You shoot a sling bullet.
The sling bullet closely misses the gnoll.
The gnoll misses you.
Fire: a) +1 sling
Press: ? - help, Q - select action, (/) - cycle Shift-Dir - straight line, f/p - gnoll
Aim: a gnoll, wielding a +0 spear (almost dead, 64% to hit)
You shoot a sling bullet. The sling bullet hits the gnoll!
You kill the gnoll!
You start resting.
Magic restored.
HP restored.
Things that are here:
a +0 club; a +0 flail; a gnoll corpse You see here a +0 spear.
Things that are here:
a +0 flail; a gnoll corpse You see here an amulet of faith.
You open the door.
There is an open door here.
You now have 97 gold pieces (gained 10).
As you open the door, it creaks loudly!
A bat comes into view.
You hear a bark! x2
A jackal comes into view.
You shoot a sling bullet.
The sling bullet closely misses the bat.
The jackal barks!
The bat closely misses you. x2
A jackal comes into view.
The bat misses you. The bat closely misses you.
The bat attacks as you move away! The bat closely misses you.
The bat misses you.
There is an open door here.
The bat completely misses you. x2
You see here an amulet of faith.
You shoot a sling bullet.
The sling bullet closely misses the bat.
The sling bullet closely misses the jackal. x2
The bat hits you. The bat barely misses you.
You shoot a sling bullet. The sling bullet hits the bat.
You kill the bat!
The jackal bites you but does no damage.
You shoot a sling bullet.
The sling bullet closely misses the jackal. x2
The jackal closely misses you.
You shoot a sling bullet. The sling bullet hits the jackal.
The jackal is moderately wounded.
The jackal barely misses you. The jackal closely misses you.
You shoot a sling bullet. The sling bullet misses the jackal.
The sling bullet hits the jackal but does no damage.
The jackal completely misses you. The jackal misses you.
You shoot a sling bullet.
The sling bullet closely misses the jackal.
The sling bullet hits the jackal.
You kill the jackal!
The jackal barely misses you. The jackal misses you.
You shoot a sling bullet. The sling bullet hits the jackal.
You kill the jackal!
No target in view!
You see here a jackal corpse.
There is an open door here.
Found a whip.
A ball python comes into view.
You shoot a sling bullet.
The sling bullet hits the ball python but does no damage.
The ball python hisses angrily.
You shoot a sling bullet. The sling bullet hits the ball python.
You kill the ball python!
No target in view!
No target in view!
No target in view!
You see here a ball python corpse.
Found a stone staircase leading down.
You open the door.
There is an open door here.
A hobgoblin comes into view.
You shoot a sling bullet.
The sling bullet hits the hobgoblin but does no damage.
The hobgoblin shouts!
You shoot a sling bullet. The sling bullet hits the hobgoblin!
You kill the hobgoblin!
No target in view!
A rat comes into view.
A rat is nearby!
You shoot a sling bullet. The sling bullet hits the rat!
You kill the rat!
No target in view!
No target in view!
You open the door.
There is an open door here.
There is an open door here.
You open the door.
There is an open door here.
A quokka comes into view.
You shoot a sling bullet.
The sling bullet closely misses the quokka.
You shoot a sling bullet.
The sling bullet closely misses the quokka.
You shoot a sling bullet. The sling bullet hits the quokka.
You kill the quokka!
No target in view!
No target in view!
A kobold comes into view. It is wielding a +0 short sword.
You shoot a sling bullet. The kobold shouts!
The sling bullet hits the kobold.
The kobold is severely wounded.
You shoot a sling bullet.
The sling bullet barely misses the kobold.
You shoot a sling bullet.
The sling bullet hits the kobold but does no damage.
The kobold is severely wounded.
You shoot a sling bullet.
The sling bullet barely misses the kobold.
You shoot a sling bullet. The sling bullet hits the kobold!
You kill the kobold!
No target in view!
No target in view!
You now have 101 gold pieces (gained 4).
Things that are here:
a +0 short sword; a kobold corpse You now have 109 gold pieces (gained 8).
Found a dagger.
You see here a +0 dagger.
A worm comes into view.
You shoot a sling bullet. The sling bullet hits the worm.
The worm is moderately wounded.
You shoot a sling bullet. The sling bullet hits the worm.
The worm is heavily wounded.
You shoot a sling bullet. The sling bullet hits the worm.
The worm is heavily wounded.
You shoot a sling bullet.
The sling bullet barely misses the worm.
You shoot a sling bullet. The sling bullet hits the worm.
The worm is heavily wounded.
You shoot a sling bullet. The sling bullet hits the worm!
The worm is almost dead.
You shoot a sling bullet. The sling bullet hits the worm.
The worm is almost dead.
You shoot a sling bullet.
The sling bullet hits the worm but does no damage.
The worm is almost dead.
The worm bites you!
You shoot a sling bullet.
The sling bullet barely misses the worm.
A bat comes into view.
You shoot a sling bullet.
The sling bullet barely misses the worm.
The worm bites you but does no damage.
You shoot a sling bullet. The sling bullet hits the worm!
You kill the worm!
The bat closely misses you.
You have reached level 4!
You shoot a sling bullet. The sling bullet hits the bat!
You kill the bat!
No target in view!
No target in view!
You open the door.
There is an open door here.
You open the door.
There is an open door here.
An endoplasm comes into view.
Found 9 gold pieces.
You shoot a sling bullet. The sling bullet hits the endoplasm.
The endoplasm is heavily wounded.
You shoot a sling bullet. The sling bullet hits the endoplasm.
You kill the endoplasm!
No target in view!
No target in view!
You now have 118 gold pieces (gained 9).
A bat comes into view.
You shoot a sling bullet. The sling bullet hits the bat.
You kill the bat!
No target in view!
No target in view!
You open the door.
Found a stone staircase leading down.
b - a scroll labelled RIATUR ONWA
j - a scroll labelled ROFFIPPOTI You open the door.
Found a robe.
There is an open door here.
Found 2 javelins.
You see here 2 javelins.
k - 2 javelins You open the door.
There is an open door here.
A ball python comes into view.
You shoot a sling bullet. The sling bullet hits the ball python!
You kill the ball python!
No target in view!
No target in view!
You see here a ball python corpse.
You open the door.
Found a stone staircase leading down.
There is an open door here.
No target in view!
l - a scroll labelled VUM ESEDWYTIYCAME A bat comes into view.
You shoot a sling bullet. The sling bullet hits the bat.
The bat is heavily wounded.
You shoot a sling bullet. The sling bullet hits the bat.
You kill the bat!
No target in view!
You see here a bat corpse.
m - a bubbling coppery potion
There is a shaft here.
Found a stone staircase leading up.
You open the door.
There is an open door here.
You open the door.
There is an open door here.
There is an open door here.
You see here a +0 whip.
There is an open door here.
A ball python comes into view.
Found a stone staircase leading up.
You shoot a sling bullet. The sling bullet hits the ball python.
You kill the ball python!
No target in view!
No target in view!
You see here a ball python skeleton.
You open the door.
A frilled lizard comes into view.
You shoot a sling bullet.
The sling bullet hits the frilled lizard.
You kill the frilled lizard!
No target in view!
No target in view!
There is an open door here.
Found a faded altar of an unknown god.
There is an open door here.
An adder comes into view.
You shoot a sling bullet. The sling bullet hits the adder!
The adder hisses angrily.
The adder is severely wounded.
You shoot a sling bullet.
The sling bullet closely misses the adder.
You shoot a sling bullet.
The sling bullet barely misses the adder.
You shoot a sling bullet.
The sling bullet barely misses the adder.
You shoot a sling bullet. The sling bullet hits the adder.
You kill the adder!
No target in view!
As you open the door, it creaks loudly!
There is an open door here.
There is an open door here.
Done exploring.
Search for what [Enter for "d:", or ? for help]? d: Unknown command.
There is an open door here.
There is a stone staircase leading down here.
You climb downwards.
Found a stone staircase leading up.
There is a stone staircase leading up here.
A hobgoblin comes into view.
You shoot a sling bullet. The sling bullet hits the hobgoblin.
The hobgoblin is severely wounded.
You shoot a sling bullet.
The sling bullet closely misses the hobgoblin.
No target in view!
No target in view!
No target in view!
You shoot a sling bullet. The sling bullet hits the hobgoblin!
You kill the hobgoblin!
No target in view!
No target in view!
You now have 126 gold pieces (gained 8).
j - 2 scrolls labelled ROFFIPPOTI (gained 1)
Found an escape hatch in the ceiling.
j - 3 scrolls labelled ROFFIPPOTI (gained 1)
Found a stone staircase leading down.
A ball python comes into view.
You shoot a sling bullet. The sling bullet hits the ball python.
You kill the ball python!
No target in view!
No target in view!
A dart slug comes into view.
You shoot a sling bullet. The sling bullet hits the dart slug!
The dart slug is almost dead.
The dart slug launches a dart at you. The slug dart misses you.
You shoot a sling bullet.
The sling bullet completely misses the dart slug.
A rat comes into view.
You shoot a sling bullet. The sling bullet hits the rat.
You kill the rat!
You shoot a sling bullet. The sling bullet hits the dart slug.
You kill the dart slug!
No target in view!
Found a stone staircase leading up.
There is a stone staircase leading up here.
There is an escape hatch in the ceiling here.
g - 4 scrolls labelled BYFURAFUCK (gained 1)
You pick up a book of the Tundra and begin reading...
You add the spells Hailstorm, Ice Form and Simulacrum to your library.
A hobgoblin comes into view.
The hobgoblin shouts!
You shoot a sling bullet.
The sling bullet hits the hobgoblin but does no damage.
You shoot a sling bullet. The sling bullet hits the hobgoblin.
The hobgoblin is heavily wounded.
You shoot a sling bullet.
The sling bullet hits the hobgoblin but does no damage.
The hobgoblin is heavily wounded.
You shoot a sling bullet. The sling bullet hits the hobgoblin.
You kill the hobgoblin!
No target in view!
No target in view!
No target in view!
g - 5 scrolls labelled BYFURAFUCK (gained 1)
You see here a +0 ring mail.
Found a sling.
A quokka comes into view.
You shoot a sling bullet. The sling bullet hits the quokka.
You kill the quokka!
No target in view!
No target in view!
Found a leather armour.
Found a stone staircase leading down.
A giant cockroach comes into view.
You shoot a sling bullet.
The sling bullet hits the giant cockroach.
You kill the giant cockroach!
No target in view!
No target in view!
No target in view!
Found a robe.
Found a stone staircase leading down.
You now have 145 gold pieces (gained 19).
A ball python comes into view.
The ball python hisses angrily.
You shoot a sling bullet. The sling bullet hits the ball python.
You kill the ball python!
No target in view!
No target in view!
You see here a ball python corpse.
You now have 151 gold pieces (gained 6).
A sky beast comes into view.
The sky beast flickers out of sight!
Deactivating autopickup; reactivate with Ctrl-A.
A sky beast appears from thin air!
Reactivating autopickup.
The sky beast flickers out of sight!
Deactivating autopickup; reactivate with Ctrl-A.
A sky beast appears from thin air!
Reactivating autopickup.
The sky beast flickers out of sight!
Deactivating autopickup; reactivate with Ctrl-A.
You see here a +0 robe.
A sky beast appears from thin air!
Reactivating autopickup.
There is a stone staircase leading down here.
The sky beast flickers out of sight!
Deactivating autopickup; reactivate with Ctrl-A.
You climb downwards.
You hear the hiss of flowing sand.
There is an entrance to an ossuary on this level.
Hurry and find it before the portal is buried!
Reactivating autopickup.
Found a scroll labelled HEEHEU JOBO.
There is a stone staircase leading up here.
You shoot a sling bullet. The sling bullet hits the endoplasm!
You kill the endoplasm!
The adder hisses angrily.
You shoot a sling bullet. The sling bullet misses the adder.
You shoot a sling bullet. The sling bullet hits the adder.
The adder is heavily wounded.
You shoot a sling bullet. The sling bullet hits the adder.
The adder is almost dead.
The adder barely misses you.
You shoot a sling bullet. The sling bullet hits the adder.
You kill the adder!
Your Stealth skill increases to level 2!
As you read the scroll labelled BYFURAFUCK, it crumbles to dust.
It is a scroll of identify.
b - a scroll of blinking
As you read the scroll of identify, it crumbles to dust.
d - a scroll of magic mapping
As you read the scroll of identify, it crumbles to dust.
e - a scroll of summoning
As you read the scroll of identify, it crumbles to dust.
i - a scroll of vulnerability
As you read the scroll of identify, it crumbles to dust.
l - a scroll of enchant armour
Found 14 gold pieces.
g - a scroll labelled HEEHEU JOBO
Found a stone staircase leading down.
Found a stone staircase leading up.
Found a stone staircase leading down.
You hear the slow hiss of an avalanche of sand nearby.
Found 9 gold pieces.
A gnoll comes into view. It is wielding a +0 club.
You shoot a sling bullet. The sling bullet hits the gnoll!
The gnoll is heavily wounded.
You shoot a sling bullet. The sling bullet hits the gnoll!
You kill the gnoll!
A gnoll bouda comes into view. It is wielding a +0 whip.
The gnoll bouda shouts!
You hear a shout!
A hobgoblin comes into view.
The gnoll bouda moves out of view.
You shoot a sling bullet.
The sling bullet closely misses the hobgoblin.
The hobgoblin shouts!
A gnoll comes into view. It is wielding a +0 club.
You shoot a sling bullet. The sling bullet hits the hobgoblin.
You kill the hobgoblin!
You hear a shout!
A gnoll comes into view. It is wielding a +0 spear.
You hear a shout!
You hear an angry hiss.
You shoot a sling bullet. The sling bullet hits the gnoll!
The gnoll is heavily wounded.
You hear a shout!
The gnoll bouda barks out a call to the hunt!
A gnoll comes into view.
It is wielding a +2 halberd of protection.
The gnoll bouda barks out a call to the hunt!
The gnoll picks up the pace!
Unknown command.
Fire: a) +1 sling
Press: ? - help, Q - select action, (/) - cycle Shift-Dir - straight line, f - gnoll bouda, p - gnoll
Aim: a gnoll bouda, wielding a +0 whip and wearing a +0 leather armour (64% to hit)
You shoot a sling bullet. The sling bullet hits the gnoll.
The gnoll is heavily wounded.
The gnoll hits you from afar with a +0 spear.
The gnoll bouda barks out a call to the hunt!
The gnoll picks up the pace!
You hear an angry hiss.
As you read the scroll of summoning, it crumbles to dust.
Wisps of shadow whirl around you... The gnoll misses you. The gnoll misses you.
The gnoll closely misses your hound.
Your hound closely misses the gnoll.
Your goblin hits the gnoll with a +2 dagger of speed.
You swap places.
Your hound bites the gnoll.
The gnoll dies!
Your goblin hits the gnoll with a +2 dagger of speed.
The gnoll bouda barely misses your hound.
An adder comes into view.
Your hound bites the gnoll but does no damage.
The gnoll barely misses your goblin.
Your goblin hits the gnoll with a +2 dagger of speed.
Your hound bites the gnoll.
The gnoll hits your hound with a +2 halberd of protection!
The gnoll bouda hits your hound with a +0 whip.
Your goblin hits the gnoll with a +2 dagger of speed.
Your hound bites the gnoll bouda.
The gnoll hits your goblin with a +0 club.
Your goblin dies!
Your goblin's corpse dissolves into shadows!
The gnoll misses your hound.
The gnoll bouda gazes fiercely through you!
You feel your attacks grow feeble.
The gnoll bouda barely misses your hound.
Your hound bites the gnoll bouda.
The gnoll shouts!
You hear a shout!
The gnoll hits your ufetubus with a +0 club.
Your hound bites the gnoll bouda.
Your ufetubus hits the gnoll. x2
The gnoll dies!
The gnoll bouda gazes fiercely through you!
You feel as though you will be weak longer.
The gnoll bouda misses your hound.
A gnoll comes into view. It is wielding a +0 spear.
Your hound bites the gnoll bouda.
Your ufetubus hits the gnoll but does no damage.
Your ufetubus barely misses the gnoll.
The gnoll misses your ufetubus. The adder bites your hound.
Your hound dies!
Your hound's corpse dissolves into shadows!
Your ufetubus hits the gnoll but does no damage.
Your ufetubus barely misses the gnoll.
The gnoll misses your ufetubus.
Your ufetubus barely misses the gnoll bouda.
Your ufetubus hits the gnoll bouda but does no damage.
The gnoll bouda barely misses your ufetubus.
Your ufetubus hits the gnoll bouda but does no damage.
Your ufetubus hits the gnoll bouda. The gnoll closely misses your ufetubus.
The gnoll bouda hits your ufetubus with a +0 whip!
Your ufetubus dies!
Your ufetubus dissolves into shadows!
Your attacks no longer feel as feeble.
An orc comes into view. It is wielding a +0 short sword.
Found 7 stones.
The orc barely misses you. The orc closely misses you.
The orc closely misses your quokka.
The gnoll bouda barks out a call to the hunt!
Your quokka barely misses the adder.
The orc hits your quokka with a +0 short sword.
The adder bites you but does no damage.
Your quokka barely misses the gnoll.
The adder attacks as you move away! The adder bites you.
You see here 8 gold pieces.
Found a sand-covered staircase.
The adder closely misses you.
Found a stone staircase leading up.
You hear the slow hiss of an avalanche of sand.
The adder attacks as you move away! The adder bites you.
The gnoll bouda gazes fiercely through you!
You feel your attacks grow feeble.
The gnoll bouda barks out a call to the hunt!
The gnoll picks up the pace!
The adder barely misses you.
The gnoll bouda gazes fiercely through you!
You feel as though you will be weak longer.
The adder attacks as you move away! The adder closely misses you.
Found 15 gold pieces.
The gnoll is no longer moving quickly.
The gnoll barely misses you. The adder bites you but does no damage.
There is a sand-covered staircase here.
The adder bites you.
The gnoll hits you from afar with a +2 halberd of protection.
The world spins around you as you enter the gateway.
You enter an ossuary!
Found a gate leading back out of this place.
There is an empty arch of ancient stone here.
Okay, then.
Unknown command.
Your attacks no longer feel as feeble.
The jackal zombie bites you. The goblin zombie misses you.
The jackal zombie misses you. The goblin zombie misses you.
The jackal zombie misses you.
The goblin zombie completely misses you.
The jackal zombie barely misses you.
A mummy comes into view.
Found 54 gold pieces.
Found a gate leading back out of this place.
The jackal zombie bites you but does no damage.
The jackal zombie attacks as you move away!
The jackal zombie barely misses you. The mummy hits you.
You open the door. The jackal zombie bites you. x2
There is an open door here.
You see here 16 gold pieces.
It was a potion of heal wounds.
You feel much better.
The jackal zombie bites you but does no damage.
Fire: a) +1 sling
Press: ? - help, Q - select action, (/) - cycle Shift-Dir - straight line, f - mummy
Aim: a mummy (75% to hit)
You shoot a sling bullet.
The sling bullet hits the jackal zombie!
You destroy the jackal zombie!
Fire: a) +1 sling
Press: ? - help, Q - select action, (/) - cycle Shift-Dir - straight line, f/p - mummy
Aim: a mummy (75% to hit)
You shoot a sling bullet.
The sling bullet closely misses the mummy.
The sling bullet hits the goblin zombie.
The goblin zombie is heavily damaged.
The mummy hits you!
Fire: a) +1 sling
Press: ? - help, Q - select action, (/) - cycle Shift-Dir - straight line, f/p - mummy
Aim: a mummy (75% to hit)
You shoot a sling bullet. The sling bullet hits the mummy.
The mummy is moderately damaged.
The mummy hits you!
Ouch! That really hurt!
* * * LOW HITPOINT WARNING * * *
You aren't carrying any potions.
Unknown command.
As you read the scroll labelled HEEHEU JOBO, it crumbles to dust.
It is a scroll of amnesia.
Really abort (and waste the scroll)? [Y]es or [N]o only, please.
Really abort (and waste the scroll)?
Really abort (and waste the scroll)?
Okay, then.
As you read the scroll labelled ROFFIPPOTI, it crumbles to dust.
The creatures around you are filled with an inner flame!
It was a scroll of immolation.
The mummy closely misses you.
Blink to where?
Press: ? - help, Dir - move target, p - mummy
Found a gate leading back out of this place.
As you read the scroll of blinking, it crumbles to dust.
Fire: a) +1 sling
Press: ? - help, Q - select action, (/) - cycle Shift-Dir - straight line, f - goblin zombie
Aim: a goblin zombie (heavily damaged, inner flame, 71% to hit)
You shoot a sling bullet. The sling bullet hits the rat zombie.
Flame seeps out of the rat zombie.
The rat zombie is lightly damaged.
The rat zombie is engulfed in blazing flames.
The rat zombie explodes!
The fiery explosion engulfs the jackal zombie!
The fiery explosion engulfs the goblin zombie!!
The fiery explosion engulfs the kobold zombie!!
The kobold zombie explodes!
The fiery explosion engulfs the orc zombie!!
The fiery explosion engulfs the goblin zombie!!
You destroy the goblin zombie!
The orc zombie explodes!
The fiery explosion engulfs the gnoll zombie!!!
You destroy the gnoll zombie!
The fiery explosion engulfs the kobold zombie!!
You destroy the kobold zombie!
The goblin zombie explodes!
The jackal zombie explodes!
The adder zombie is engulfed in blazing flames.
The hobgoblin zombie is engulfed in blazing flames.
You destroy the hobgoblin zombie!
The adder zombie is engulfed in blazing flames.
The kobold zombie is engulfed in blazing flames.
You destroy the kobold zombie!
The adder zombie is engulfed in blazing flames.
You destroy the adder zombie!
You have reached level 5!
You are too injured to fight recklessly!
Fire: a) +1 sling
Press: ? - help, Q - select action, (/) - cycle Shift-Dir - straight line, f - mummy
Aim: a mummy (moderately damaged, inner flame, 75% to hit)
You shoot a sling bullet. The sling bullet hits the mummy.
Flame seeps out of the mummy.
The mummy is severely damaged.
The mummy is engulfed in blazing flames.
The mummy explodes!
A mummy comes into view.
There is an open door here.
Really walk into that cloud of flame?
Okay, then.
A mummy comes into view.
Unknown command.
Found 2 sapphire potions and 2 smoky purple potions.
Found 2 sapphire potions and a bubbling inky potion.
The mummy closely misses you.
Press: ? - help, v - describe, . - travel, g - get item Item here: 2 sapphire potions.
The floor.
Unknown command.
Press: ? - help, v - describe, . - travel
Here: a mummy The floor.
You shoot a sling bullet. The sling bullet hits the mummy!
The mummy is moderately damaged.
You shoot a sling bullet. The sling bullet hits the mummy.
The mummy is heavily damaged.
You shoot a sling bullet.
The sling bullet hits the mummy but does no damage.
The mummy is heavily damaged.
You shoot a sling bullet. The sling bullet hits the mummy.
The mummy is severely damaged.
The mummy completely misses you.
You shoot a sling bullet. The sling bullet hits the mummy.
You destroy the mummy!
Your Dodging skill increases to level 3!
As you open the door, it creaks loudly!
There is an open door here.
b - a bubbling inky potion You see here 2 sapphire potions.
You see here 2 sapphire potions.
You see here 2 smoky purple potions.
e - 2 smoky purple potions
There is an open door here.
You shoot a sling bullet. The sling bullet hits the mummy.
The mummy is lightly damaged.
You shoot a sling bullet. The sling bullet hits the mummy.
The mummy is moderately damaged.
You shoot a sling bullet. The sling bullet hits the mummy.
The mummy is moderately damaged.
You shoot a sling bullet. The sling bullet hits the mummy.
The mummy is heavily damaged.
You shoot a sling bullet. The sling bullet hits the mummy.
The mummy is severely damaged.
You shoot a sling bullet. The sling bullet hits the mummy.
The mummy is almost destroyed.
You shoot a sling bullet.
The sling bullet hits the mummy but does no damage.
The mummy is almost destroyed.
The mummy closely misses you.
You shoot a sling bullet. The sling bullet hits the mummy.
You destroy the mummy!
g - 2 sapphire potions
g - 4 sapphire potions (gained 2)
You start resting.
HP restored.
There is an open door here.
Found a gate leading back out of this place.
A mummy comes into view.
You shoot a sling bullet. The sling bullet hits the mummy.
The mummy is lightly damaged.
You shoot a sling bullet. The sling bullet hits the mummy.
The mummy is moderately damaged.
You shoot a sling bullet. The sling bullet hits the mummy.
The mummy is heavily damaged.
You shoot a sling bullet. The sling bullet hits the mummy.
The mummy is heavily damaged.
You shoot a sling bullet.
The sling bullet completely misses the mummy.
You shoot a sling bullet.
The sling bullet barely misses the mummy.
You shoot a sling bullet.
The sling bullet barely misses the mummy.
You shoot a sling bullet.
The sling bullet hits the mummy but does no damage.
The mummy is heavily damaged.
You shoot a sling bullet. The sling bullet hits the mummy.
The mummy is severely damaged.
You shoot a sling bullet. The sling bullet hits the mummy!
You destroy the mummy!
Your Ranged Weapons skill increases to level 4!
Found 5 stones.
Found 2 stones.
You open the door.
There is an open door here.
You now have 169 gold pieces (gained 18).
You now have 192 gold pieces (gained 23).
There is an open door here.
Found a gate leading back out of this place.
You open the door.
There is an open door here.
m - a scroll of identify
m - 2 scrolls of identify (gained 1)
n - a scroll labelled XIFRIH OZIL
o - 2 scrolls labelled SUGEYXK ERIBUGH
There is an open door here.
There is an open door here.
You now have 208 gold pieces (gained 16).
You now have 224 gold pieces (gained 16).
You now have 236 gold pieces (gained 12).
You now have 246 gold pieces (gained 10).
Done exploring.
Done exploring.
As you read the scroll of identify, it crumbles to dust.
n - a scroll of fog
As you read the scroll of identify, it crumbles to dust.
o - 2 scrolls of noise
There is an open door here.
There is a gate leading back out of this place here.
Unknown command.
Welcome back to the Dungeon!
The adder completely misses you.
There is a collapsed entrance here.
The adder misses you. The gnoll bouda closely misses you.
The adder attacks as you move away! The adder misses you.
The gnoll bouda barks out a call to the hunt!
The gnolls pick up the pace!
The adder completely misses you. The adder attacks as you move away!
The adder bites you.
You are poisoned.
The adder poisons you!
You feel sick.
You feel sick.
There is a stone staircase leading up here.
You feel sick. The adder bites you but does no damage.
The gnoll hits you from afar with a +0 spear.
You climb upwards.
You feel sick.
You are no longer poisoned.
There is a stone staircase leading down here.
Unknown command.
The adder attacks as you move away!
The adder bites you but does no damage. x2
The sky beast hits you. The sky beast shocks you.
The sky beast attacks as you move away!
The sky beast hits you but does no damage.
The sky beast flickers out of sight!
Deactivating autopickup; reactivate with Ctrl-A.
Something closely misses you. The adder bites you but does no damage.
Something hits you but does no damage.
A sky beast appears from thin air!
Reactivating autopickup.
The adder barely misses you.
You see here a quokka skeleton.
The adder attacks as you move away! The adder barely misses you.
The adder attacks as you move away! The adder bites you but does no damage.
The adder completely misses you.
It was a potion of curing.
You feel better. The adder misses you.
It was a potion of degeneration.
There was something very wrong with that liquid.
You feel weakened.
You feel dopey.
You feel clumsy. The adder barely misses you.
Unknown command.
Throw: 2 javelins
Press: ? - help, Q - select action, (/) - cycle Shift-Dir - straight line, f - adder
Aim: an adder (38% to hit)
You throw a javelin. The javelin misses the adder.
The javelin closely misses the sky beast.
The adder completely misses you. The adder closely misses you.
Throw: javelin
Press: ? - help, Q - select action, (/) - cycle Shift-Dir - straight line, f/p - adder
Aim: an adder (38% to hit)
You throw a javelin. The javelin barely misses the adder.
The javelin barely misses the sky beast.
The adder misses you. The adder bites you but does no damage.
You shoot a sling bullet.
The sling bullet barely misses the adder.
The sling bullet hits the sky beast.
The sky beast is lightly wounded.
The adder closely misses you. The adder bites you but does no damage.
The sky beast flickers out of sight!
Deactivating autopickup; reactivate with Ctrl-A.
You shoot a sling bullet. The sling bullet hits the adder!
The adder is severely wounded.
The adder misses you.
You shoot a sling bullet.
The sling bullet barely misses the adder.
The adder completely misses you. The adder bites you.
You are poisoned.
The adder poisons you!
You shoot a sling bullet. The sling bullet misses the adder.
You feel sick. The adder bites you.
A sky beast appears from thin air!
Reactivating autopickup.
The adder barely misses you.
You feel better. The adder bites you but does no damage.
You shoot a sling bullet. The sling bullet hits the adder.
You kill the adder!
The sky beast completely misses you.
Fire: a) +1 sling
Press: ? - help, Q - select action, (/) - cycle Shift-Dir - straight line, f - sky beast
Aim: a sky beast (lightly wounded, 48% to hit)
You shoot a sling bullet. The sling bullet misses the sky beast.
The sky beast flickers out of sight!
Deactivating autopickup; reactivate with Ctrl-A.
Something hits you. Something shocks you.
Fire: a) +1 sling
Press: ? - help, Q - select action, (/) - cycle Shift-Dir - straight line You shoot a sling bullet.
Something hits you but does no damage.
Fire: a) +1 sling
Press: ? - help, Q - select action, (/) - cycle Shift-Dir - straight line You shoot a sling bullet.
Something hits you. Something shocks you.
It was a potion of ambrosia.
You are confused.
You feel invigorated. Something closely misses you.
You completely miss something. Something hits you but does no damage.
Something closely misses you.
You bump into the rock wall.
Something hits you. Something shocks you.
You bump into the rock wall.
Something hits you. Something shocks you.
You miss something. Something hits you. Something shocks you.
You closely miss something. Something hits you. Something shocks you.
Something hits you. Something shocks you. Something hits you.
Something shocks you.
* * * LOW HITPOINT WARNING * * *
You bump into the rock wall.
You feel less invigorated.
You feel less confused. Something hits you. Something shocks you.
* * * LOW HITPOINT WARNING * * *
You shoot a sling bullet. Something hits you.
* * * LOW HITPOINT WARNING * * *
Something shocks you.
You die...

Skill      XL: |  1  2  3  4  5 |
---------------+----------------+-----
Ranged Weapons | 2 3 4 |  4.1
Dodging        | 2 3 |  3.1
Stealth        | 1 2 |  2.5
Fighting       | |  0.8
Spellcasting   | |  1.0
Hexes          | |  2.6

Action                     |  1- 3 |  4- 6 || total
---------------------------+-------+-------++-------
  Melee: Sling             |       |     3 ||     3
   Fire: Sling             |   124 |    77 ||   201
  Throw: Javelin           |       |     2 ||     2
   Cast: Slow              |     4 |       ||     4
    Use: Scroll            |     1 |    11 ||    12
         Potion            |       |     5 ||     5
 Armour: Robe              |     9 |    16 ||    25
  Dodge: Dodged            |    33 |    42 ||    75

Levels and vault maps discovered:
D:1:      dpeg_arrival_connections, layout_rooms, corexii_hall_statues_x
D:2:      layout_basic, shapermc_ecumenical_altar_mp_highgroup
D:3:      layout_loops_cross
D:4:      layout_cave_pools, lightli_temple_of_fire,
          gammafunk_temple_overflow_elements, nicolae_ossuary_entry_monument

Notes
Turn   | Place    | Note
-------+----------+-------------------------------------------
     0 | D:1      | scionoferis the Demigod Hexslinger began the quest for the
                  | Orb.
     0 | D:1      | Reached XP level 1. HP: 15/15 MP: 4/4
    48 | D:1      | Reached skill level 2 in Ranged Weapons
   126 | D:1      | Reached skill level 2 in Dodging
   172 | D:1      | Reached XP level 2. HP: 22/22 MP: 5/5
   339 | D:1      | Reached skill level 1 in Stealth
   661 | D:2      | Reached XP level 3. HP: 27/27 MP: 6/6
   670 | D:2      | Reached skill level 3 in Ranged Weapons
   894 | D:2      | Reached XP level 4. HP: 25/34 MP: 8/8
  1822 | D:3      | Noticed a sky beast
  1860 | D:4      | Reached skill level 2 in Stealth
  1951 | D:4      | Found a sand-covered staircase.
  1960 | Ossuary  | Entered an ossuary
  1989 | Ossuary  | Reached XP level 5. HP: 13/39 MP: 9/9
  2032 | Ossuary  | Reached skill level 3 in Dodging
  2105 | Ossuary  | Reached skill level 4 in Ranged Weapons
  2237 | D:3      | HP: 3/39 [something (3)]
  2237 | D:3      | Slain by a sky beast

Vanquished Creatures
  4 mummies (Ossuary)
  6 gnolls (D:1 D:2 D:4)
  3 adders (D:2 D:4 D:3)
  An adder zombie (Ossuary)
  A worm (D:2)
  A dart slug (D:3)
  5 ball pythons (D:2 D:3)
  5 bats (D:1 D:2)
  3 endoplasms (D:1 D:2 D:4)
  A giant cockroach (D:3)
  A gnoll zombie (Ossuary)
  3 goblins (D:1)
  6 hobgoblins (D:1 D:2 D:3 D:4)
  2 jackals (D:2)
  2 quokkas (D:2 D:3)
  4 frilled lizards (D:1 D:2)
  2 goblin zombies (Ossuary)
  A hobgoblin zombie (Ossuary)
  2 jackal zombies (Ossuary)
  9 kobolds (D:1 D:2)
  3 kobold zombies (Ossuary)
  An orc zombie (Ossuary)
  5 rats (D:1 D:2 D:3)
  A rat zombie (Ossuary)
72 creatures vanquished.

Vanquished Creatures (collateral kills)
  2 gnolls (D:4)
2 creatures vanquished.

Grand Total: 74 creatures vanquished

Table legend: (Time is in decaauts)
 A = Elapsed time spent in this place.
 B = Non-inter-level travel time spent in this place.
 C = Inter-level travel time spent in this place.
 D = Time resting spent in this place.
 E = Time spent auto-exploring this place.
 F = Levels seen in this place.
 G = Mean time per level.
                   A        B        C        D        E       F      G
               +--------+--------+--------+--------+--------+-----+--------+
         Total |   2289 |   2244 |     45 |     54 |   1574 |   5 |  457.8 |
       Dungeon |   2046 |   2001 |     45 |     24 |   1502 |   4 |  511.5 |
       Ossuary |    243 |    243 |      0 |     30 |     72 |   1 |  243.0 |
               +--------+--------+--------+--------+--------+-----+--------+

Top non-repeatable levels by time:
     D:2: 891 daAuts
     D:1: 628 daAuts
     D:3: 412 daAuts
 Ossuary: 243 daAuts
     D:4: 113 daAuts

Table legend:
 A = Non-vault XP
 B = Vault XP
 C = Vault XP percentage of total XP
 D = Non-vault monster count
 E = Vault monster count
 F = Vault count percentage of total count
                 A         B        C        D         E       F
            +---------+---------+-------+---------+---------+-------
      Total |     232 |      90 |  28.0 |      58 |      16 |  21.6
            +---------+---------+-------+---------+---------+-------
        D:1 |      43 |       0 |   0.0 |      22 |       0 |   0.0
        D:2 |     100 |       0 |   0.0 |      21 |       0 |   0.0
        D:3 |      29 |       0 |   0.0 |       9 |       0 |   0.0
        D:4 |      60 |       0 |   0.0 |       6 |       0 |   0.0
    Ossuary |       0 |      90 | 100.0 |       0 |      16 | 100.0
            +---------+---------+-------+---------+---------+-------
